 Dungeon Crawl Stone Soup version 0.31-a0-833-gc15d34cb79 (webtiles) character file.

Game seed: 6431976381197694224

62421 randomguy2701 the Cruncher (level 15, -1/115 HPs)
             Began as a Gnoll Wanderer on Sept 26, 2023.
             Was an Initiate of Gozag.
             Slain by a white ugly thing (32 damage)
             ... on level 13 of the Dungeon.
             The game lasted 01:13:00 (27946 turns).

randomguy2701 the Cruncher (Gnoll Wanderer)        Turns: 27946, Time: 01:13:01

Health: -1/115     AC: 14    Str:  8    XL:     15   Next: 6%
Magic:  25/39      EV: 25    Int: 26    God:    Gozag
Gold:   2102       SH:  0    Dex: 21    Spells: 22/34 levels left

rFire   . . .        a - +1 long sword of Beyond {flame, Will+ Int+2 Stlth+}
rCold   . . .        (no shield)
rNeg    . . .        J - +0 steam dragon scales
rPois   .            M - +3 hat of Pondering {ponderous, Will+ MP+10 Int+5}
rElec   .            r - +0 cloak
rCorr   .            s - +0 pair of gloves
SInv    .            b - +0 pair of boots
Will    +++..        U - amulet of regeneration
Stlth   ++++++       e - +5 ring of evasion
HPRegen 1.19/turn    l - +6 ring of dexterity
MPRegen 0.26/turn

%: no passive effects
@: gold aura, slow
A: fangs 1, strong nose, distributed training
a: Renounce Religion, Potion Petition, Call Merchant, Bribe Branch


You were on level 13 of the Dungeon.
You worshipped Gozag.
Gozag was most pleased with you.
You visited 3 branches of the dungeon, and saw 19 of its levels.
You also visited: Sewer.

You collected 4751 gold pieces.
You spent 796 gold pieces at shops.
You paid 1853 gold pieces to Gozag.

Inventory:

Hand Weapons
 a - the +1 long sword of Beyond (weapon) {flame, Will+ Int+2 Stlth+}
   (You bought it in a shop on level 10 of the Dungeon)

   Int+2:     It affects your intelligence (+2).
   Will+:     It increases your willpower.
   Stlth+:    It makes you more stealthy.
 x - a +0 falchion of holy wrath
Missiles
 d - 3 throwing nets
Armour
 b - a +0 pair of boots (worn)
 r - a +0 cloak (worn)
 s - a +0 pair of gloves (worn)
 w - the +1 robe of Nargha {Will+ Str+5 Dex+2}
   (You found it on level 4 of the Dungeon)

   Str+5:     It affects your strength (+5).
   Dex+2:     It affects your dexterity (+2).
   Will+:     It increases your willpower.
 A - +0 acid dragon scales
 J - +0 steam dragon scales (worn)
 M - the +3 hat of Pondering (worn) {ponderous, Will+ MP+10 Int+5}
   (You bought it in a shop on level 9 of the Dungeon)

   Int+5:     It affects your intelligence (+5).
   Will+:     It increases your willpower.
   MP+10:     It affects your magic capacity (+10).
 P - a scarf of invisibility
Magical Staves
 O - a staff of poison
Jewellery
 e - a +5 ring of evasion (left hand)
 l - a +6 ring of dexterity (right hand)
 U - an amulet of regeneration (around neck)
 W - a ring of magical power
 X - a ring of ice
Wands
 k - a wand of digging (7)
 t - a wand of flame (36)
 v - a wand of mindburst (18)
 B - a wand of charming (5)
 G - a wand of acid (5)
 L - a wand of roots (5)
 V - a wand of polymorph (4)
Scrolls
 g - 3 scrolls of immolation
 h - 2 scrolls of enchant armour {unknown}
 o - 8 scrolls of teleportation
 p - 6 scrolls of revelation
 q - 2 scrolls of fear {unknown}
 u - 2 scrolls of identify
 y - a scroll of butterflies {unknown}
 z - 3 scrolls of enchant weapon {unknown}
 D - a scroll of torment {unknown}
 H - a scroll of acquirement {unknown}
 I - 2 scrolls of fog
 K - 3 scrolls of blinking {unknown}
 Q - a scroll of noise {unknown}
 Y - 2 scrolls of amnesia {unknown}
Potions
 c - 5 potions of curing
 f - 2 potions of heal wounds
 i - 3 potions of enlightenment
 j - 3 potions of resistance
 m - a potion of invisibility
 n - 2 potions of ambrosia
 C - 3 potions of brilliance
 E - a potion of magic
 F - 4 potions of attraction
 N - 2 potions of lignification
 R - 2 potions of haste {unknown}
 S - a potion of might {unknown}
 T - 3 potions of degeneration {unknown}


   Skills:
 + Level 9.9 Fighting
 + Level 9.9 Short Blades
 + Level 9.9 Long Blades
 + Level 9.9 Axes
 + Level 9.9 Maces & Flails
 + Level 9.9 Polearms
 + Level 12.9 Staves
 + Level 9.9 Ranged Weapons
 + Level 9.9 Throwing
 + Level 9.9 Armour
 + Level 10.9 Dodging
 + Level 10.2 Stealth
 + Level 9.9 Shields
 + Level 9.9 Unarmed Combat
 + Level 10.3 Spellcasting
 + Level 8.3 Conjurations
 + Level 8.3 Hexes
 + Level 8.3 Summonings
 + Level 9.2 Necromancy
 + Level 8.3 Translocations
 + Level 8.3 Transmutations
 + Level 8.3 Fire Magic
 + Level 8.3 Ice Magic
 + Level 8.3 Air Magic
 + Level 8.3 Earth Magic
 + Level 8.3 Poison Magic
 + Level 10.8 Invocations
 + Level 9.9 Evocations
 + Level 9.1 Shapeshifting


You had 22 spell levels left.
You knew the following spells:

 Your Spells              Type           Power      Damage    Failure   Level
a - Necrotise             Necr           100%       1d9       1%          1
b - Vampiric Draining     Necr           57%        2d10      1%          3
c - Slow                  Hex            100%       N/A       1%          1
d - Dispel Undead         Necr           57%        3d20      1%          4
e - Magic Dart            Conj           100%       1d8       1%          1
f - Blink                 Tloc           100%       N/A       1%          2

Your spell library contained the following spells:

 Spells                   Type           Power      Damage    Failure   Level
 Freeze                   Ice            100%       1d10      1%          1
 Kiss of Death            Conj/Necr      100%       2d13      1%          1
 Sting                    Tmut/Pois      100%       1d8       1%          1
 Call Imp                 Summ           100%       N/A       1%          2
 Cigotuvi's Dreadful Rot  Necr/Pois/Air  100%       N/A       1%          2
 Lesser Beckoning         Tloc           100%       N/A       1%          2
 Momentum Strike          Conj/Tloc      100%       3d10      1%          2
 Poisonous Vapours        Pois/Air       100%       N/A       1%          2
 Scorch                   Fire           100%       2d9       1%          2
 Sublimation of Blood     Necr           57%        N/A       1%          2
 Wereblood                Tmut           54%        N/A       1%          2
 Confusing Touch          Hex            54%        N/A       1%          3
 Frozen Ramparts          Ice            100%       1d16      1%          3
 Hailstorm                Conj/Ice       54%        3d12      1%          3
 Ignite Poison            Fire/Tmut/Pois 54%        N/A       1%          3
 Mephitic Cloud           Conj/Pois/Air  54%        N/A       1%          3
 Sigil of Binding         Hex            54%        N/A       1%          3
 Flame Wave               Conj/Fire      54%        2d13      1%          4
 Vhi's Electric Charge    Tloc/Air       100%       N/A       1%          4
 Alistair's Intoxication  Tmut/Pois      36%        N/A       4%          5
 Arcjolt                  Conj/Air       27%        1d37      4%          5
 Freezing Cloud           Conj/Ice/Air   27%        6-21      4%          5
 Plasma Beam              Fire/Air       27%        2x1d39    22%         6
 Summon Cactus Giant      Summ           27%        N/A       22%         6
 Summon Hydra             Summ           27%        N/A       77%         7
 Polar Vortex             Ice            27%        12d3*     100%        9


Dungeon Overview and Level Annotations

Branches:
Dungeon (13/15)            Temple (1/1) D:6            Lair (5/5) D:10
 Shoals (0/4) Lair:3       Spider (0/4) Lair:2        Slime (0/5) Lair:5
    Orc (0/2) D:9          Vaults (0/5) D:13          Sewer (visited)

Altars:
Ashenzari
Cheibriados
Dithmenos
Elyvilon
Fedhas
Gozag
Hepliaklqana
Kikubaaqudgha
Makhleb
Nemelex Xobeh
Okawaru
Qazlal
Ru
Sif Muna
Trog
Uskayaw
Vehumet
Wu Jian
Xom
Yredelemnul
Zin
The Shining One
Jiyva

Shops:
D:9 [[   D:10 (   D:11 [

Portals:
Trove: D:12 (show slimy rune of Zot)

Annotations:
D:12 2 transporters
Lair:1 exclusion: oklob plant
Lair:5 Rupert


Innate Abilities, Weirdness & Mutations

You have very sharp teeth.
Your uncanny sense of smell can sniff out nearby items.
Your experience applies equally to all skills.


Message History

The centaur warrior shoots an arrow.
The arrow hits you!
The centaur warrior shoots an arrow.
The arrow hits you!
The centaur warrior shoots an arrow.
The arrow barely misses you.
The white ugly thing gurgles horribly!
The centaur warrior unwields a +0 shortbow.
The centaur warrior hits you!
The centaur warrior completely misses you.
You draw life force from the centaur warrior!
You feel life coursing into your body. The centaur warrior hits you.
The centaur warrior barely misses you. The centaur warrior hits you.
The centaur warrior closely misses you. The white ugly thing misses you.
You draw life force from the centaur warrior!
You feel life coursing into your body! The centaur warrior misses you.
The centaur warrior kicks you but does no damage.
The white ugly thing engulfs you. The white ugly thing freezes you!!
You draw life force from the centaur warrior!
You feel life coursing into your body! The centaur warrior misses you.
The centaur warrior closely misses you. x2; The centaur warrior kicks you.
The white ugly thing closely misses you.
You draw life force from the centaur warrior!
You feel life coursing into your body.
The centaur warrior completely misses you.
The centaur warrior barely misses you. The white ugly thing engulfs you!
The white ugly thing freezes you!!
You are too injured to fight recklessly!
You are too injured to fight recklessly!
You are too injured to fight recklessly!
You are too injured to fight recklessly!
Casting: Vampiric Draining (safe; 1% risk of failure)
Confirm with . or Enter, or press ? or * to list all spells.
Aiming: Vampiric Draining (safe; 1% risk of failure)
Press: ? - help, Shift-Dir - straight line, f/p - centaur warrior
Aim: a centaur warrior (almost dead)
You draw life force from the centaur warrior!
You kill the centaur warrior!
You feel life coursing into your body. The white ugly thing engulfs you!
* * * LOW HITPOINT WARNING * * *
The white ugly thing freezes you!!
You die...
Your body crumbles into a pile of gold.

#......#.......#..#
#......#.......'..#
#......###.....#..#
#........#######..#
#..................
#...########.≈.....
#...# #.≈≈....
#...# #.≈.####
#.@.# #...#.≈≈
#u$.#####+##.......
#..............#...
#.............##~≈.
#............#.~≈..
#.............≈≈...
#.#+####.........>.
#. ∆ #.....#.....
#.....##....


You could see a white ugly thing.

Vanquished Creatures
  Jorgrun (D:12)
  Fannar (Lair:3)
  A hydra (Lair:4)
  4 boulder beetles
  2 centaur warriors (D:13)
  Erica (D:9)
  5 two-headed ogres
  A tengu warrior (D:13)
  5 death yaks (Lair:1)
  A fire crab (Lair:5)
  A goliath frog (shapeshifter) (D:13)
  5 skeletal warriors
  2 cyclopes
  A deep elf pyromancer (D:12)
  2 ugly things
  5 black mambas
  9 elephants
  3 torpor snails
  A gargoyle (D:12)
  6 cane toads
  Joseph (D:7)
  4 rime drakes
  7 komodo dragons
  An unseen horror (D:12)
  A merfolk (shapeshifter) (D:13)
  3 trolls
  A merfolk (Lair:3)
  12 polar bears
  4 hornets (Lair:5)
  24 blink frogs
  Grinder (D:4)
  A blink frog (shapeshifter) (D:13)
  8 dream sheep
  3 slime creatures (D:13)
  48 yaks
  5 wyverns
  16 spriggans
  A wraith (D:11)
  4 basilisks
  6 vampire mosquitoes (D:12)
  A steam dragon (D:8)
  2 redbacks (Lair:2)
  3 acid dragons
  9 water moccasins
  A sky beast (D:6)
  An ice beast (D:6)
  4 orc warriors
  7 black bears
  38 wolves
  4 boggarts (Lair:5)
  2 ogres
  6 centaurs
  A phantom (D:5)
  The ghost of gebbletook2 the Changeling, an amateur OpSh (D:4)
  2 kobold brigands
  2 gnoll sergeants (D:10)
  10 bullfrogs
  2 scorpions
  9 killer bees
  4 howler monkeys
  8 electric eels
  8 orc priests
  9 hounds
  2 gnoll boudas
  3 jellies (Lair:5)
  A sleepcap (D:3)
  Ijyb (D:4)
  2 iguanas
  12 orc wizards
  6 hell rats
  17 gnolls
  8 adders
  2 river rats
  A shadow imp (D:5)
  A white imp (D:6)
  An ufetubus (D:4)
  3 worms
  3 dart slugs
  43 orcs
  7 ball pythons
  4 bats
  6 endoplasms
  6 giant cockroaches
  8 goblins
  2 hobgoblins
  5 quokkas
  2 frilled lizards
  19 kobolds
  6 rats
513 creatures vanquished.

Vanquished Creatures (collateral kills)
  2 rats (Sewer)
2 creatures vanquished.

Vanquished Creatures (others)
  A killer bee (D:9)
  A jelly (D:4)
  An orc (D:8)
3 creatures vanquished.

Grand Total: 518 creatures vanquished

Notes
Turn   | Place    | Note
-------+----------+-------------------------------------------
     0 | D:1      | randomguy2701 the Gnoll Wanderer began the quest for the
                  | Orb.
     0 | D:1      | randomguy2701 set off with the following items: a +0
                  | quarterstaff, a +0 pair of boots, a potion of curing, a +0
                  | robe; and the following spells available to memorise:
                  | Necrotise, Kiss of Death, Vampiric Draining.
     0 | D:1      | Reached XP level 1. HP: 13/13 MP: 4/4
     2 | D:1      | Learned a level 1 spell: Necrotise
   112 | D:1      | Reached XP level 2. HP: 19/19 MP: 5/5
   253 | D:1      | Found a faded altar of an unknown god.
   761 | D:2      | Reached XP level 3. HP: 23/25 MP: 7/7
   935 | D:2      | Reached skill level 1 in Invocations
  1372 | D:3      | Reached skill level 1 in Fighting
  1372 | D:3      | Reached skill level 1 in Short Blades
  1372 | D:3      | Reached skill level 1 in Long Blades
  1372 | D:3      | Reached skill level 1 in Axes
  1372 | D:3      | Reached skill level 1 in Maces & Flails
  1372 | D:3      | Reached skill level 1 in Polearms
  1372 | D:3      | Reached skill level 1 in Ranged Weapons
  1372 | D:3      | Reached skill level 1 in Throwing
  1372 | D:3      | Reached skill level 1 in Armour
  1372 | D:3      | Reached skill level 1 in Shields
  1372 | D:3      | Reached skill level 1 in Unarmed Combat
  1372 | D:3      | Reached skill level 1 in Evocations
  1379 | D:3      | Reached skill level 1 in Shapeshifting
  1379 | D:3      | Reached XP level 4. HP: 12/32 MP: 3/8
  1507 | D:3      | Reached skill level 1 in Conjurations
  1507 | D:3      | Reached skill level 1 in Hexes
  1507 | D:3      | Reached skill level 1 in Summonings
  1507 | D:3      | Reached skill level 1 in Translocations
  1507 | D:3      | Reached skill level 1 in Transmutations
  1507 | D:3      | Reached skill level 1 in Fire Magic
  1507 | D:3      | Reached skill level 1 in Ice Magic
  1507 | D:3      | Reached skill level 1 in Air Magic
  1507 | D:3      | Reached skill level 1 in Earth Magic
  1507 | D:3      | Reached skill level 1 in Poison Magic
  2274 | D:4      | Reached XP level 5. HP: 37/37 MP: 9/9
  2275 | D:4      | Identified the +2 sling "Aggelio" {elec, Str+4 Int-3}
  2294 | D:4      | Noticed an ogre
  2310 | D:4      | Identified the +1 robe of Nargha {Will+ Str+5 Dex+2}
  2315 | D:4      | Noticed Ijyb
  2343 | D:4      | Killed Ijyb
  2451 | D:4      | Found a runed translucent gate.
  2451 | D:4      | Found a runed translucent gate.
  2451 | D:4      | Found a runed translucent gate.
  2453 | D:4      | Noticed gebbletook2's ghost (amateur OpSh)
  2493 | D:4      | Noticed Grinder
  2497 | D:4      | Paralysed by Grinder for 4 turns
  2509 | D:4      | Paralysed by Grinder for 4 turns
  2522 | D:4      | Killed Grinder
  2523 | D:4      | Reached skill level 5 in Dodging
  2523 | D:4      | Reached XP level 6. HP: 39/44 MP: 9/11
  2549 | D:4      | Found a radiant altar of Vehumet.
  2568 | D:4      | Noticed a black bear
  2598 | D:4      | Killed a black bear
  2599 | D:4      | Reached XP level 7. HP: 29/50 MP: 9/12
  2979 | D:5      | Entered Level 5 of the Dungeon
  2985 | D:5      | Learned a level 3 spell: Vampiric Draining
  3171 | D:5      | Reached skill level 9 in Staves
  3407 | D:5      | Reached XP level 8. HP: 38/58 MP: 0/14
  3649 | D:5      | Got a rare book
  3932 | D:5      | Found an ornate altar of the Wu Jian Council.
  4368 | D:6      | Found a staircase to the Ecumenical Temple.
  4656 | D:6      | Found a glowing drain.
  4670 | Sewer    | Entered a sewer
  4965 | D:6      | Reached skill level 5 in Necromancy
  5174 | D:6      | Reached XP level 9. HP: 65/65 MP: 16/16
  5591 | D:7      | Reached skill level 5 in Spellcasting
  5682 | D:7      | Noticed Joseph
  5698 | D:7      | Killed Joseph
  6001 | D:7      | Reached skill level 5 in Stealth
  6587 | D:8      | Learned a level 1 spell: Slow
  6903 | D:8      | Reached skill level 5 in Invocations
  7519 | D:8      | Found a stormy altar of Qazlal.
  7527 | D:8      | Found a sparkling altar of Nemelex Xobeh.
  7532 | D:8      | Found an opulent altar of Gozag.
  7546 | D:8      | Found a glowing golden altar of the Shining One.
  7553 | D:8      | Found a broken altar of Ashenzari.
  7559 | D:8      | Found a bloodstained altar of Trog.
  7566 | D:8      | Found an ancient bone altar of Kikubaaqudgha.
  7705 | Temple   | Entered the Ecumenical Temple
  7835 | D:8      | Became a worshipper of Gozag Ym Sagoz the Greedy
  7923 | D:9      | Learned a level 4 spell: Dispel Undead
  8182 | D:9      | Noticed a two-headed ogre
  8500 | D:9      | Reached XP level 10. HP: 63/73 MP: 18/18
  8606 | D:9      | Noticed Erica
  8796 | D:4      | Killed gebbletook2's ghost
  8986 | D:9      | Reached skill level 5 in Fighting
  8986 | D:9      | Reached skill level 5 in Short Blades
  8986 | D:9      | Reached skill level 5 in Long Blades
  8986 | D:9      | Reached skill level 5 in Axes
  8986 | D:9      | Reached skill level 5 in Maces & Flails
  8986 | D:9      | Reached skill level 5 in Polearms
  8986 | D:9      | Reached skill level 5 in Ranged Weapons
  8986 | D:9      | Reached skill level 5 in Throwing
  8986 | D:9      | Reached skill level 5 in Armour
  8986 | D:9      | Reached skill level 5 in Shields
  8986 | D:9      | Reached skill level 5 in Unarmed Combat
  8986 | D:9      | Reached skill level 5 in Evocations
  9014 | D:9      | Killed Erica
  9015 | D:9      | Reached skill level 10 in Staves
  9198 | D:9      | Noticed a two-headed ogre
  9259 | D:9      | Noticed a skeletal warrior
  9265 | D:9      | Found Cheibriados's Comfort Zone.
  9268 | D:9      | Found a snail-covered altar of Cheibriados.
  9274 | D:9      | Bought the +3 hat of Pondering {ponderous, Will+ MP+10
                  | Int+5} for 533 gold pieces
  9274 | D:9      | Found the +3 hat of Pondering {ponderous, Will+ MP+10
                  | Int+5}
  9286 | D:9      | Noticed a skeletal warrior
  9288 | D:9      | Noticed a skeletal warrior
  9290 | D:9      | Noticed a skeletal warrior
  9367 | D:9      | Killed a two-headed ogre
  9368 | D:9      | Reached skill level 5 in Shapeshifting
  9492 | D:9      | Noticed a skeletal warrior
  9509 | D:9      | Killed a skeletal warrior
  9635 | D:9      | Killed a skeletal warrior
  9673 | D:8      | Killed a skeletal warrior
  9674 | D:8      | Reached XP level 11. HP: 44/81 MP: 13/21
  9803 | D:9      | Killed a skeletal warrior
  9804 | D:9      | Reached skill level 5 in Conjurations
  9804 | D:9      | Reached skill level 5 in Hexes
  9804 | D:9      | Reached skill level 5 in Summonings
  9804 | D:9      | Reached skill level 5 in Translocations
  9804 | D:9      | Reached skill level 5 in Transmutations
  9804 | D:9      | Reached skill level 5 in Fire Magic
  9804 | D:9      | Reached skill level 5 in Ice Magic
  9804 | D:9      | Reached skill level 5 in Air Magic
  9804 | D:9      | Reached skill level 5 in Earth Magic
  9804 | D:9      | Reached skill level 5 in Poison Magic
  9807 | D:9      | Killed a skeletal warrior
 10034 | D:9      | Found a staircase to the Orcish Mines.
 10035 | D:9      | Found Kikin's Armour Shop.
 10083 | D:9      | Killed a two-headed ogre
 10264 | D:10     | Entered Level 10 of the Dungeon
 10533 | D:10     | Found a staircase to the Lair.
 10611 | D:10     | Noticed a two-headed ogre
 10636 | D:10     | Killed a two-headed ogre
 10777 | D:10     | Learned a level 1 spell: Magic Dart
 10969 | D:10     | Noticed a two-headed ogre
 10982 | D:10     | Killed a two-headed ogre
 11129 | D:10     | Found a white marble altar of Elyvilon.
 12155 | Lair:1   | Entered Level 1 of the Lair of Beasts
 12506 | Lair:1   | Reached skill level 11 in Staves
 12518 | D:10     | Reached XP level 12. HP: 86/89 MP: 9/23
 13254 | Lair:1   | Noticed a death yak
 13255 | Lair:1   | Noticed a death yak
 13259 | Lair:1   | Noticed a death yak
 13445 | D:10     | Learned a level 2 spell: Blink
 13451 | Lair:1   | Noticed a death yak
 13451 | Lair:1   | Noticed a death yak
 13657 | Lair:1   | Killed a death yak
 14167 | Lair:1   | Killed a death yak
 14305 | Lair:1   | Killed a death yak
 14315 | Lair:1   | Killed a death yak
 14326 | Lair:1   | Killed a death yak
 15660 | Lair:2   | Reached XP level 13. HP: 50/98 MP: 3/25
 15839 | Lair:2   | Found a hole to the Spider Nest.
 17391 | Lair:3   | You fall into a shaft and drop 1 floor!
 18318 | Lair:3   | Found a staircase to the Shoals.
 18563 | Lair:3   | Reached skill level 12 in Staves
 19134 | Lair:3   | Noticed Fannar
 19148 | Lair:3   | Killed Fannar
 20047 | Lair:4   | Reached skill level 10 in Dodging
 20896 | Lair:5   | Entered Level 5 of the Lair of Beasts
 21105 | Lair:5   | Reached XP level 14. HP: 108/108 MP: 27/27
 21485 | Lair:5   | Found a viscous altar of Jiyva.
 21486 | Lair:5   | Found a staircase to the Slime Pits.
 21540 | Lair:5   | Reached skill level 10 in Invocations
 21983 | Lair:5   | Noticed Rupert
 24189 | D:10     | Bought a scorched long sword for 263 gold pieces
 24189 | D:10     | Identified the +1 long sword of Beyond {flame, Will+ Int+2
                  | Stlth+} (You bought it in a shop on level 10 of the
                  | Dungeon)
 24287 | D:11     | Reached skill level 10 in Spellcasting
 25269 | D:12     | Noticed Jorgrun
 25285 | D:12     | Killed Jorgrun
 25449 | D:12     | Reached skill level 10 in Stealth
 25608 | D:12     | Found a transporter.
 26386 | D:12     | Found a portal to a secret trove of treasure.
 26633 | D:12     | Found a transporter.
 27001 | D:13     | Found a gate to the Vaults.
 27215 | D:13     | Reached XP level 15. HP: 115/115 MP: 16/29
 27946 | D:13     | Slain by a white ugly thing

Illustrated notes

Levels and vault maps discovered:
D:1:      erik_arrival_cave_to_civilisation [erik_arrival_cave_to_hall],
          layout_rooms, basic_ecumenical_altar, minivault_11, minivault_5
D:2:      layout_loops_ring
D:3:      layout_rooms
D:4:      layout_cave_pools, fiery_altar_vehumet, gammafunk_ghost_split,
          grunt_ministairs_3, nicolae_the_louvre, uniq_ijyb, uniq_grinder
D:5:      layout_loops_corners, lemuel_doored_altar, minmay_misc_feat_doors
D:6:      layout_basic, minmay_temple_entry_large_hall, gup_sewer_entry_bubbles,
          chequers_avenue, palyth_stone_intersect, grunt_ministairs_12,
          st_stairs_10, minmay_crystal_room,
          nicolae_concentric_dashed_squares_mild
D:7:      layout_loops_corners, uniq_joseph
D:8:      layout_loops_ring, grunt_temple_overflow_octagram,
          chequers_serial_rivers_small_3, minmay_holes
D:9:      layout_basic, orc_david_3, minmay_shop_chei, uniq_erica
D:10:     layout_basic, nicolae_overflow_hidden_temple, erik_lair_island
D:11:     layout_gridville
D:12:     gammafunk_wand_slinger, layout_basic, enter_trove_2, uniq_jorgrun
D:13:     layout_irregular_city, david_vaults_2, chequers_serial_rivers_small_b
Temple:   nicolae_temple_bog_church
Lair:1:   layout_regular_city, serial_forest, infiniplex_forest_corner_2,
          infiniplex_forest_zigzag_1, infiniplex_forest_pool,
          infiniplex_forest_clump_medium, infiniplex_forest_straight_2,
          infiniplex_forest_corner_1, infiniplex_forest_clump_tiny,
          infiniplex_forest_pool, minmay_lair_oklob_bushes
Lair:2:   layout_cave_pods, spider_nest_entry_webs, grunt_megastairs_3,
          serial_bayou_shore_a, infiniplex_staircase_pool_2
Lair:3:   layout_loops_ring, elwin_shoals_entry_rooms, uniq_fannar
Lair:4:   layout_gridlike, forest_entry_grove
Lair:5:   minmay_lair_end_enchanted_forest, layout_cave_pods,
          nicolae_slime_entry_slimehenge, lemuel_fruit_tree, uniq_rupert

Skill      XL: |  1  2  3  4  5  6  7  8  9 10 11 12 13 14 |
---------------+-------------------------------------------+-----
Invocations    | 1 2 3 4 5 6 7 8 9 10 | 10.8
Fighting       | 1 2 3 4 6 7 9 |  9.9
Short Blades   | 1 2 3 4 6 7 9 |  9.9
Long Blades    | 1 2 3 4 6 7 9 |  9.9
Axes           | 1 2 3 4 6 7 9 |  9.9
Maces & Flails | 1 2 3 4 6 7 9 |  9.9
Polearms       | 1 2 3 4 6 7 9 |  9.9
Ranged Weapons | 1 2 3 4 6 7 9 |  9.9
Throwing       | 1 2 3 4 6 7 9 |  9.9
Armour         | 1 2 3 4 6 7 9 |  9.9
Shields        | 1 2 3 4 6 7 9 |  9.9
Unarmed Combat | 1 2 3 4 6 7 9 |  9.9
Evocations     | 1 2 3 4 6 7 9 |  9.9
Spellcasting   | 3 4 5 6 7 8 9 10 | 10.3
Shapeshifting  | 1 2 3 4 5 6 7 8 9 |  9.1
Conjurations   | 1 2 3 4 5 6 7 8 |  8.3
Hexes          | 1 2 3 4 5 6 7 8 |  8.3
Summonings     | 1 2 3 4 5 6 7 8 |  8.3
Translocations | 1 2 3 4 5 6 7 8 |  8.3
Transmutations | 1 2 3 4 5 6 7 8 |  8.3
Fire Magic     | 1 2 3 4 5 6 7 8 |  8.3
Ice Magic      | 1 2 3 4 5 6 7 8 |  8.3
Air Magic      | 1 2 3 4 5 6 7 8 |  8.3
Earth Magic    | 1 2 3 4 5 6 7 8 |  8.3
Poison Magic   | 1 2 3 4 5 6 7 8 |  8.3
Necromancy     | 4 5 6 7 8 9 |  9.2
Dodging        | 5 6 7 8 9 10 | 10.9
Stealth        | 3 4 5 6 7 8 9 10 | 10.2
Staves         | 9 10 11 12 | 12.9

Action                     |  1- 3 |  4- 6 |  7- 9 | 10-12 | 13-15 || total
---------------------------+-------+-------+-------+-------+-------++-------
  Melee: Quarterstaff      |    79 |   108 |   107 |    15 |   377 ||   686
         Bite              |     6 |    13 |    67 |    97 |   148 ||   331
         Falchion          |       |       |   358 |   384 |       ||   742
         Punch             |       |       |    17 |    46 |    37 ||   100
         Staff             |       |       |       |   329 |   422 ||   751
         Scimitar          |       |       |       |       |     3 ||     3
         Long sword        |       |       |       |       |    87 ||    87
   Cast: Necrotise         |    11 |    15 |    24 |    12 |       ||    62
         Vampiric Draining |       |       |    22 |   148 |   464 ||   634
         Slow              |       |       |     4 |    15 |    10 ||    29
         Dispel Undead     |       |       |       |    17 |    12 ||    29
         Magic Dart        |       |       |       |    61 |    63 ||   124
         Blink             |       |       |       |     3 |     9 ||    12
 Invoke: Call Merchant     |       |       |       |       |     2 ||     2
  Evoke: Wand              |       |     4 |     1 |       |     2 ||     7
    Use: Scroll            |       |       |       |    13 |     6 ||    19
         Potion            |       |       |       |     2 |     2 ||     4
   Stab: Sleeping          |     3 |     2 |    14 |     1 |     7 ||    27
         Distracted        |       |       |     1 |     6 |    10 ||    17
         Held in net/web   |       |       |       |       |     1 ||     1
 Armour: Robe              |    34 |    10 |   142 |       |       ||   186
         Leather armour    |       |    21 |     3 |       |       ||    24
         Steam dragon scal |       |       |    41 |   387 |   609 ||  1037
  Dodge: Dodged            |    58 |   109 |   523 |  1026 |  1472 ||  3188

Table legend: (Time is in decaauts)
 A = Elapsed time spent in this place.
 B = Non-inter-level travel time spent in this place.
 C = Inter-level travel time spent in this place.
 D = Time resting spent in this place.
 E = Time spent auto-exploring this place.
 F = Levels seen in this place.
 G = Mean time per level.
                   A        B        C        D        E       F      G
               +--------+--------+--------+--------+--------+-----+--------+
         Total |  28477 |  26907 |   1570 |    422 |  20224 |  20 | 1423.8 |
       Dungeon |  16918 |  15614 |   1304 |    127 |  11822 |  13 | 1301.4 |
        Temple |      1 |      0 |      1 |      0 |      0 |   1 |    1.0 |
          Lair |  11466 |  11202 |    264 |    295 |   8372 |   5 | 2293.2 |
         Sewer |     91 |     91 |      0 |      0 |     29 |   1 |   91.0 |
               +--------+--------+--------+--------+--------+-----+--------+

Top non-repeatable levels by time:
  Lair:5: 2990 daAuts
    D:10: 2770 daAuts
  Lair:1: 2297 daAuts
  Lair:2: 2118 daAuts
  Lair:4: 2068 daAuts
  Lair:3: 1992 daAuts
     D:8: 1943 daAuts
    D:12: 1714 daAuts
     D:9: 1595 daAuts
     D:5: 1269 daAuts
     D:6: 1219 daAuts
     D:7: 1160 daAuts
    D:11: 1157 daAuts
    D:13: 994 daAuts
     D:4: 919 daAuts
